 Dungeon Crawl Stone Soup version 0.29-a0-321-gf1c400731a (webtiles) character file.

Game seed: 4679215102473209161

2804 sizableburger the Cleaver (level 9, -1/54 HPs)
             Began as a Deep Elf Fighter on Apr 3, 2022.
             Was a Believer of Okawaru.
             Slain by an unseen horror (9 damage)
             ... on level 6 of the Dungeon.
             The game lasted 00:18:01 (9028 turns).

sizableburger the Cleaver (Deep Elf Fighter)        Turns: 9028, Time: 00:18:02

Health: -1/54      AC:  7    Str: 17    XL:     9   Next: 44%
Magic:  12/12      EV: 10    Int: 14    God:    Okawaru [**....]
Gold:   266        SH:  4    Dex: 14    Spells: 8/8 levels left

rFire   + . .      SeeInvis .   a - +1 war axe
rCold   + + .      Faith    .   c - +0 buckler
rNeg    . . .      Spirit   .   b - +0 scale mail
rPois   .          Reflect  .   s - +0 helmet
rElec   .          Harm     .   y - scarf {rC+ rF+}
rCorr   +          Rampage  .   (no gloves)
Will    +....                   (no boots)
Stlth   ..........              (no amulet)
HPRegen 0.18/turn               n - ring "Rigeicin" {Wiz rC+ Will+ Stlth-}
MPRegen 0.13/turn               e - ring of resist corrosion

@: no status effects
A: no striking features
a: Renounce Religion, Heroism


You were on level 6 of the Dungeon.
You worshipped Okawaru.
Okawaru was pleased with you.
You visited 2 branches of the dungeon, and saw 7 of its levels.

You collected 326 gold pieces.
You spent 60 gold pieces at shops.

Inventory:

Hand Weapons
 a - a +1 war axe (weapon)
Missiles
 m - 6 poisoned darts (quivered)
Armour
 b - a +0 scale mail (worn)
 c - a +0 buckler (worn)
 s - a +0 helmet (worn)
 y - a scarf of resistance (worn)
Jewellery
 e - a ring of resist corrosion (right hand)
 n - the ring "Rigeicin" (left hand) {Wiz rC+ Will+ Stlth-}
   (You found it on level 2 of the Dungeon)

   [ring of wizardry]

   It improves your spell success rate.
   rC:        It protects you from cold.
   Will:      It increases your willpower.
   Stlth:     It makes you less stealthy.
 q - a ring of flight
Wands
 r - a wand of paralysis (18)
Scrolls
 d - 2 scrolls of amnesia
 g - a scroll of noise {unknown}
 j - a scroll of summoning
 o - 2 scrolls of vulnerability
 t - a scroll of fear
 u - a scroll of magic mapping {unknown}
 w - 2 scrolls of teleportation
 x - a scroll of fog {unknown}
Potions
 f - 3 potions of mutation
 k - a potion of attraction
 l - 2 potions of haste
 p - a potion of brilliance
 v - a potion of flight {unknown}


   Skills:
 + Level 5.1 Fighting
 - Level 9.0 Axes
 - Level 2.8 Throwing
 - Level 2.4 Armour
 + Level 2.8 Dodging
 - Level 2.4 Shields
 - Level 2.6 Invocations
 + Level 2.5 Evocations


You had 8 spell levels left.
You didn't know any spells.
Your spell library contained the following spells:

 Spells                   Type           Power      Damage    Failure   Level
 Apportation              Tloc           0%         N/A       45%         1
 Corpse Rot               Necr/Air       0%         N/A       58%         2
 Poisonous Vapours        Pois/Air       0%         N/A       58%         2
 Animate Skeleton         Necr           Unusable   N/A       N/A         1
 Summon Small Mammal      Summ           Unusable   N/A       N/A         1

Dungeon Overview and Level Annotations

Branches:
Dungeon (6/15)             Temple (1/1) D:5

Altars:
Ashenzari
Fedhas
Gozag
Kikubaaqudgha
Makhleb
Nemelex Xobeh
Okawaru
Qazlal
Ru
Trog
Vehumet
Wu Jian
Ignis

Shops:
D:3 !


Message History

The yak barely misses you.
You slash the yak!
The yak is heavily wounded.
You block the yak's attack.
You hit the yak but do no damage.
The yak is heavily wounded.
You slash the yak!
The yak is almost dead.
The yak gores you.
You slash the yak!
You kill the yak!
Okawaru accepts your kill.
You start resting.
Magic restored.
Something hits you but does no damage.
Deactivating autopickup; reactivate with Ctrl-A.
Something hits you. Something hits you but does no damage.
There is a strange disturbance nearby!
Unknown command.
You miss something. Something hits you.
You miss something. Something hits you! Something hits you but does no damage.
You hit something. You block something's attack. Something barely misses you.
You hit something but do no damage. Something hits you!
* * * LOW HITPOINT WARNING * * *
You completely miss something. Something completely misses you.
Unknown command.
You feel better. Something hits you but does no damage.
Unknown command.
As you read the scroll labelled FUKOUS QOJOEMY, it crumbles to dust.
You feel strangely unstable.
It was a scroll of teleportation.
You feel like a meek peon again. Something hits you!
* * * LOW HITPOINT WARNING * * *
Unknown command.
Something hits you but does no damage. Something hits you.
* * * LOW HITPOINT WARNING * * *
Something hits you but does no damage.
Your surroundings seem slightly different.
Something hits you!
You die...

.#.(#..#......# #.........#######
....#.....##### #.........##.....
##........### #.........#..##.#
...###......# #...........#####
..## #...#..# #.....#....##..#.
.#####.#.#..### #.....#####..#..#
....(.........# #.....#....##.#..
######....#.#####...........#####
# ##..)......@............##.#
####.......#.......#.......
#.......##.....###...###
################ #####


There were no monsters in sight!

Vanquished Creatures
  A two-headed ogre (D:5)
  Pikel (D:5)
  A yak (D:6)
  Edmund (D:5)
  Menkaure (D:6)
  A water moccasin (D:6)
  2 black bears
  A sky beast (D:6)
  2 ice beasts
  A centaur (D:5)
  A phantom (D:5)
  3 lemures
  2 scorpions
  2 jellies
  4 hounds (D:6)
  A gnoll shaman (D:5)
  3 iguanas
  An orc wizard (D:3)
  5 gnolls (D:5)
  7 adders
  A river rat (D:4)
  An ufetubus (D:5)
  5 worms
  3 dart slugs
  16 orcs
  9 endoplasms
  3 giant cockroaches
  7 goblins
  6 hobgoblins
  13 jackals
  10 kobolds
  3 quokkas
  7 ball pythons
  7 bats
  3 frilled lizards (D:1)
  12 rats
147 creatures vanquished.

Vanquished Creatures (others)
  A plant (D:1)
  2 withered plants (D:1)
3 creatures vanquished.

Grand Total: 150 creatures vanquished

Notes
Turn   | Place    | Note
-------+----------+-------------------------------------------
     0 | D:1      | sizableburger the Deep Elf Fighter began the quest for the
                  | Orb.
     0 | D:1      | Reached XP level 1. HP: 13/13 MP: 3/3
   302 | D:1      | Found a faded altar of an unknown god.
   347 | D:1      | Reached XP level 2. HP: 15/18 MP: 4/4
   512 | D:1      | Reached skill level 2 in Axes
   516 | D:1      | Reached skill level 1 in Dodging
  1252 | D:1      | Reached XP level 3. HP: 19/22 MP: 5/5
  1391 | D:2      | Identified the ring "Rigeicin" {Wiz rC+ Will+ Stlth-}
  1898 | D:2      | Reached XP level 4. HP: 12/28 MP: 6/6
  2290 | D:2      | Noticed a black bear
  2294 | D:2      | Killed a black bear
  2295 | D:2      | Reached skill level 3 in Axes
  2295 | D:2      | Reached XP level 5. HP: 30/32 MP: 7/7
  2507 | D:2      | Reached skill level 4 in Axes
  2990 | D:3      | Found Pedor's Distillery.
  2994 | D:3      | Bought a potion of heal wounds for 60 gold pieces
  3486 | D:3      | Found a sacrificial altar of Ru.
  3486 | D:3      | Found an ornate altar of the Wu Jian Council.
  3527 | D:4      | Noticed an ice beast
  3537 | D:4      | Killed an ice beast
  3538 | D:4      | Reached skill level 5 in Axes
  3538 | D:4      | Reached XP level 6. HP: 27/37 MP: 8/8
  5269 | D:5      | Entered Level 5 of the Dungeon
  5385 | D:5      | Reached XP level 7. HP: 30/41 MP: 9/9
  5530 | D:5      | Found a staircase to the Ecumenical Temple.
  5540 | Temple   | Entered the Ecumenical Temple
  5567 | Temple   | Became a worshipper of Warmaster Okawaru
  5592 | D:5      | Found a blossoming altar of Fedhas.
  5714 | D:5      | Reached skill level 6 in Axes
  5875 | D:5      | Found a sparkling altar of Nemelex Xobeh.
  5934 | D:5      | Noticed a two-headed ogre
  6003 | D:5      | Killed a two-headed ogre
  6003 | D:5      | Reached * piety under Okawaru
  6004 | D:5      | Reached skill level 8 in Axes
  6004 | D:5      | Reached XP level 8. HP: 44/46 MP: 10/10
  6116 | D:5      | Found a radiant altar of Vehumet.
  6125 | D:5      | Reached ** piety under Okawaru
  6182 | D:5      | Reached skill level 1 in Invocations
  7397 | D:5      | Noticed Pikel
  7526 | D:5      | Killed Pikel
  7818 | D:6      | Noticed Edmund
  7831 | D:5      | Killed Edmund
  7832 | D:5      | Reached XP level 9. HP: 41/52 MP: 12/12
  7848 | D:6      | Noticed Menkaure
  7854 | D:6      | Killed Menkaure
  8431 | D:6      | Reached skill level 1 in Evocations
  8496 | D:6      | Reached skill level 9 in Axes
  8732 | D:6      | Reached skill level 5 in Fighting
  9028 | D:6      | Slain by an unseen horror

Illustrated notes

Levels and vault maps discovered:
D:1:      mrwooster_arrival_statue_2, layout_loops_ring,
          shapermc_ecumenical_altar_flowoftime
D:2:      minmay_spotlight, layout_loops_ring
D:3:      layout_loops_ring, gammafunk_temple_overflow_statue, serial_shops,
          shop, kennysheep_generic_room_5
D:4:      layout_layer_cave, lightli_sewer_entry_pipes
D:5:      layout_gridville, nemelex_spade_bored_becter,
          mainiacjoe_overflow_catwalk, fedhas_bush_and_centaur_altar,
          temple_fountains, serial_park_tiny_pond, uniq_pikel
D:6:      layout_rooms, minmay_manual_macuahuitl, uniq_menkaure, uniq_edmund
Temple:   pdpol_scorched_temple

Skill      XL: |  1  2  3  4  5  6  7  8  9 |
---------------+----------------------------+-----
Axes           | 2 3 5 8 9 |  9.0
Dodging        | 1 2 |  2.8
Fighting       | 3 4 5 |  5.1
Invocations    | 1 2 |  2.6
Throwing       | 2 |  2.8
Evocations     | 2 |  2.5
Armour         | |  2.4
Shields        | |  2.4

Action                   |  1- 3 |  4- 6 |  7- 9 || total
-------------------------+-------+-------+-------++-------
Melee: War axe           |   153 |   150 |   229 ||   532
Throw: Dart              |       |    23 |    25 ||    48
Invok: Heroism           |       |       |     3 ||     3
Evoke: Wand              |       |       |     1 ||     1
  Use: Scroll            |     7 |     6 |     4 ||    17
       Potion            |       |     4 |     4 ||     8
 Stab: Paralysed         |       |       |     5 ||     5
Armor: Scale mail        |    85 |    64 |    78 ||   227
Dodge: Dodged            |    84 |    62 |    84 ||   230
Block: Buckler           |    33 |    26 |    52 ||   111

Table legend: (Time is in decaauts)
 A = Elapsed time spent in this place.
 B = Non-inter-level travel time spent in this place.
 C = Inter-level travel time spent in this place.
 D = Time resting spent in this place.
 E = Time spent auto-exploring this place.
 F = Levels seen in this place.
 G = Mean time per level.
                   A        B        C        D        E       F      G
               +--------+--------+--------+--------+--------+-----+--------+
         Total |   9219 |   8918 |    301 |   2748 |   4558 |   7 | 1317.0 |
       Dungeon |   9085 |   8789 |    296 |   2660 |   4558 |   6 | 1514.2 |
        Temple |    134 |    129 |      5 |     88 |      0 |   1 |  134.0 |
               +--------+--------+--------+--------+--------+-----+--------+

Top non-repeatable levels by time:
     D:5: 2523 daAuts
     D:4: 1853 daAuts
     D:1: 1578 daAuts
     D:6: 1109 daAuts
     D:2: 1101 daAuts
     D:3: 917 daAuts
  Temple: 134 daAuts
